 Dungeon Crawl Stone Soup version 0.20.1-1-g8b1a95d (webtiles) character file.

33839 Giltor the Bewitcher (level 13, -11/55 HPs)
             Began as a Spriggan Enchanter on Aug 11, 2017.
             Was the Champion of Okawaru.
             Mangled by a water elemental (21 damage)
             ... on level 1 of the Shoals.
             The game lasted 03:44:21 (21545 turns).

Giltor the Bewitcher (Spriggan Enchanter)          Turns: 21545, Time: 03:44:22

Health: -11/55     AC:  7    Str:  8    XL:     13   Next: 39%
Magic:  7/25       EV: 31    Int: 18    God:    Okawaru [******]
Gold:   813        SH:  0    Dex: 16    Spells: 12/26 levels left

rFire    + . .     SeeInvis +   o - +1 dagger (elec)
rCold    + . .     Gourm    .   (shield restricted)
rNeg     . . .     Faith    .   R - +2 robe {rC+ rF+}
rPois    .         Spirit   .   (helmet restricted)
rElec    .         Reflect  .   s - +2 cloak {+Inv}
rCorr    +         Harm     .   (gloves unavailable)
MR       ++...                  (boots unavailable)
Stlth    ++++++++..             (no amulet)
Regen    0.2/turn               E - ring of resist corrosion
MPRegen  0.2/turn               (no ring)

@: heroism, very quick
A: unfitting armour, see invisible, herbivore 3, speed 3, slow metabolism 2
a: Heroism, Finesse, Renounce Religion, Evoke Invisibility


You were on level 1 of the Shoals.
You worshipped Okawaru.
Okawaru was exalted by your worship.
You were full.

You visited 4 branches of the dungeon, and saw 19 of its levels.
You also visited: Sewer.

You collected 813 gold pieces.

Inventory:

Hand Weapons
 d - the +3 shortbow "Foplek Cace" {velocity, MR+ Int+4 Stlth-}
   (You found it on level 2 of the Lair of Beasts)

   Any arrow fired from it inflicts extra damage.
   It affects your intelligence (+4).
   It affects your resistance to hostile enchantments.
   It makes you less stealthy.
 o - a +1 dagger of electrocution (weapon)
 r - a +2 dagger of freezing
 t - a +3 dagger of holy wrath
Missiles
 h - 13 poisoned needles
 p - 5 curare-tipped needles
 H - 121 arrows
Armour
 s - a +2 cloak of invisibility (worn)
 I - the +1 robe of Fortification {*Corrode +Fly rF+, unknown}
   (Okawaru gifted it to you on level 1 of the Shoals)

   It protects you from fire.
   It lets you fly.
   It may corrode you when you take damage.
 R - a +2 robe of resistance (worn)
 X - the +1 robe of the Neverending Orbs {rC+ rCorr}
   (You found it on level 4 of the Lair of Beasts)

   It protects you from cold.
   It protects you from acid and corrosion.
Jewellery
 E - a ring of resist corrosion (left hand)
Wands
 e - a wand of clouds (6/9)
 u - a wand of polymorph (13/24)
 y - a wand of confusion (42/48)
 D - a wand of lightning (8/15)
 N - a wand of disintegration (6/24)
 Q - a wand of acid (8/15)
 S - a wand of iceblast (5/15)
 Y - a wand of clouds (5/9)
Scrolls
 b - 5 scrolls of magic mapping
 g - 5 scrolls of teleportation
 k - 5 scrolls of blinking
 w - a scroll of enchant armour
 A - 7 scrolls of remove curse
 J - 2 scrolls of recharging
 T - a scroll of silence
 U - a scroll of random uselessness
Potions
 f - 4 potions of brilliance
 i - 3 potions of berserk rage
 j - 2 potions of ambrosia
 l - 3 potions of agility
 m - 2 potions of lignification {unknown}
 n - 6 potions of curing
 q - 2 potions of heal wounds {unknown}
 v - 7 potions of invisibility
 x - 10 potions of haste
 z - 2 potions of mutation {unknown}
 F - a potion of degeneration {unknown}
 K - 3 potions of flight
 L - 3 potions of resistance
 V - a potion of magic {unknown}
 W - 3 potions of might
Books
 c - a book of Maledictions

   Spells                             Type                      Level
   a - Corona                         Hexes                        1
   b - Ensorcelled Hibernation        Hexes/Ice                    2
   c - Confuse                        Hexes                        3
   d - Tukima's Dance                 Hexes                        3
   e - Dazzling Spray                 Conjuration/Hexes            3
 G - a book of Geomancy

   Spells                             Type                      Level
   a - Sandblast                      Earth                        1
   b - Passwall                       Transmutation/Earth          2
   c - Stone Arrow                    Conjuration/Earth            3
   d - Petrify                        Transmutation/Earth          4
   e - Lee's Rapid Deconstruction     Earth                        5
 M - a Young Poisoner's Handbook

   Spells                             Type                      Level
   a - Sting                          Conjuration/Poison           1
   b - Poisonous Vapours              Poison/Air                   2
   c - Mephitic Cloud                 Conjuration/Poison/Air       3
   d - Olgreb's Toxic Radiance        Poison                       4
   e - Venom Bolt                     Conjuration/Poison           5
 Z - a book of Dreams

   Spells                             Type                      Level
   a - Ensorcelled Hibernation        Hexes/Ice                    2
   b - Silence                        Hexes/Air                    5
   c - Darkness                       Hexes                        6
   d - Shadow Creatures               Summoning                    6
Miscellaneous
 O - 2 sacks of spiders
Comestibles
 a - 18 fruits
 B - 6 bread rations
 C - 11 royal jellies


   Skills:
 - Level 8.1(13.1) Short Blades
 - Level 4.1(9.1) Bows
 - Level 10.0(15.0) Dodging
 - Level 15.3(20.3) Stealth
 - Level 7.3 Spellcasting
 * Level 17.5 Hexes
 - Level 3.1 Invocations
 - Level 9.0 Evocations


You had 12 spell levels left.
You knew the following spells:

 Your Spells              Type           Power        Failure   Level  Hunger
a - Darkness              Hex            ######....   1%          6    ######.
b - Ensorcelled Hibernat  Hex/Ice        #####.       1%          2    None
c - Confuse               Hex            ######..     1%          3    #......
d - Tukima's Dance        Hex            ######..     1%          3    #......


Dungeon Overview and Level Annotations

Branches:
Dungeon (11/15)            Temple (1/1) D:6            Lair (6/6) D:8
 Shoals (1/4) Lair:2        Snake (0/4) Lair:3        Slime (0/5) Lair:5
    Orc (0/2) D:9

Altars:
Dithmenos
Fedhas
Gozag
Hepliaklqana
Kikubaaqudgha
Makhleb
Nemelex Xobeh
Okawaru
Qazlal
Sif Muna
Trog
Vehumet
Xom
Yredelemnul
The Shining One
Beogh
Jiyva

Shops:
D:11 =


Innate Abilities, Weirdness & Mutations

You are very small and have problems with some larger weapons.
You are too small for most types of armour.
You have supernaturally acute eyesight. (SInv)
You are a herbivore.
You cover ground extremely quickly.
You need consume almost no food.


Message History

The water elemental barely misses you.
You hit the water elemental but do no damage.
The water elemental is lightly damaged.
Your lungs strain for air!
You hit the water elemental.
The water elemental is lightly damaged.
Your lungs strain for air!
The water elemental closely misses you.
You closely miss the water elemental.
The water elemental is lightly damaged.
Your lungs strain for air!
You closely miss the water elemental.
The water elemental is lightly damaged.
Your lungs strain for air!
The water elemental hits you!
* * * LOW HITPOINT WARNING * * *
With effort, you pull free of the water engulfing you.
You gasp with relief as air once again reaches your lungs.
You feel better. The water elemental hits you!!
You die...

≈≈≈≈≈≈≈≈≈≈≈≈≈≈≈≈≈≈≈≈..t####E≈W≈≈≈
≈≈≈≈≈.≈≈≈≈...≈≈≈≈≈≈≈...# ##.≈W≈≈≈
≈≈≈≈..≈≈....≈...≈..≈≈..###..≈≈≈≈≈
≈≈≈.....≈...≈..........##....≈W≈≈
.............≈................≈≈≈
##...####........##..≈≈.#.%....≈≈
##.## ##.....>...#t......≈≈...≈≈
######.....≈≈.........≈≈≈.....≈
#####..##...≈≈≈≈@.≈≈≈.......###.≈
.......##....≈≈≈E..≈.......## ##(
.............≈≈≈....≈≈≈....#####.
........###..§§§....≈≈..≈≈...≈...
.......## #..§§§§.≈≈≈≈≈≈≈≈..≈≈≈≈≈
.......## #.§§§§§....≈≈≈≈≈.)≈≈≈≈≈
..##....###..§§§§....≈≈≈≈.≈≈≈m...
.###.....).§.§§..##.......≈≈≈≈≈##
## #.....#....(..#.......≈≈≈≈≈≈#


You could see a snapping turtle and a water elemental.

Vanquished Creatures
  Louise (Shoals:1)
  3 hydras
  A merfolk avatar (Shoals:1)
  6 death yaks (Lair:5)
  Nergalle (D:11)
  A sea snake (Shoals:1)
  An unseen horror (D:11)
  The ghost of McKennaii the Martial Artist, a novice OpTm of Cheibriados (D:8)
  An ugly thing (D:11)
  A faun (Shoals:1)
  A cyclops (D:11)
  4 manticores
  A merfolk siren (Shoals:1)
  5 elephants (Lair:5)
  2 black mambas
  Joseph (Lair:1)
  2 spiny frogs
  2 rime drakes
  A kobold demonologist (D:11)
  The ghost of McKennaii the Sneak, a novice OpTm (D:5)
  4 komodo dragons
  2 merfolk (Shoals:1)
  2 trolls (D:11)
  A tengu conjurer (D:9)
  A wind drake (Shoals:1)
  A hornet (D:9)
  6 dream sheep
  9 blink frogs (Lair:5)
  9 hippogriffs
  12 yaks
  2 wyverns
  A basilisk (Lair:4)
  A basilisk (shapeshifter) (D:11)
  2 hungry ghosts (D:11)
  2 nagas (Lair:3)
  5 water moccasins
  Duvessa (D:5)
  4 porcupines
  6 orc warriors (D:9)
  3 ice beasts
  A hornet zombie (D:6)
  A necrophage (D:11)
  3 sky beasts
  4 ogres
  2 centaurs
  4 crocodiles
  4 big kobolds
  Blork the orc (D:4)
  11 bullfrogs
  Dowan (D:5)
  5 scorpions
  17 killer bees
  6 howler monkeys
  7 crimson imps
  A bullfrog zombie (D:9)
  4 centaur zombies
  4 hounds
  4 orc wizards
  A jelly (D:5)
  4 orc priests
  Crazy Yiuf (D:4)
  A bullfrog skeleton (D:9)
  3 centaur skeletons
  2 iguanas
  Jessica (D:2)
  7 worker ants
  A hound skeleton (D:4)
  2 howler monkey zombies
  A worker ant zombie (D:5)
  8 adders
  2 shadow imps (D:5)
  An ooze (D:1)
  6 worms
  2 adder skeletons
  3 dart slugs
  A leopard gecko (D:2)
  39 orcs
  A bat (D:3)
  6 giant cockroaches
  9 goblins
  3 hobgoblins (D:1)
  9 jackals
  4 quokkas
  A ball python (D:3)
  13 frilled lizards
  18 kobolds
  A leopard gecko skeleton (D:4)
  A quokka zombie (D:4)
  5 rats
  A fungus (Lair:5)
349 creatures vanquished.

Vanquished Creatures (collateral kills)
  2 two-headed ogres
  An orc warrior (D:9)
  A jackal (Sewer)
4 creatures vanquished.

Vanquished Creatures (others)
  A dancing weapon (D:3)
  15 fungi
  10 plants
26 creatures vanquished.

Grand Total: 379 creatures vanquished

Notes
Turn   | Place    | Note
-------+----------+-------------------------------------------
     0 | D:1      | Giltor the Spriggan Enchanter began the quest for the Orb.
     0 | D:1      | Reached XP level 1. HP: 9/9 MP: 5/5
   461 | D:1      | Reached XP level 2. HP: 13/13 MP: 6/6
   465 | D:1      | Learned a level 2 spell: Ensorcelled Hibernation
   763 | D:1      | Reached skill level 5 in Stealth
  1078 | D:1      | Reached skill level 4 in Hexes
  1314 | D:1      | Reached XP level 3. HP: 16/16 MP: 5/8
  1712 | D:2      | Found a blossoming altar of Fedhas.
  1719 | D:2      | Noticed Jessica
  2018 | D:2      | Killed Jessica
  2018 | D:2      | Reached skill level 5 in Hexes
  2018 | D:2      | Reached XP level 4. HP: 21/21 MP: 6/9
  2023 | D:2      | Learned a level 3 spell: Confuse
  2027 | D:2      | Learned a level 3 spell: Tukima's Dance
  2152 | D:2      | Found a basalt altar of Yredelemnul.
  2301 | D:2      | Found a stormy altar of Qazlal.
  3044 | D:3      | Found a glowing drain.
  3049 | Sewer    | Entered a sewer
  3631 | Sewer    | Noticed a crocodile
  3642 | Sewer    | Killed a crocodile
  3642 | Sewer    | Reached skill level 6 in Hexes
  3642 | Sewer    | Reached XP level 5. HP: 24/24 MP: 6/10
  3912 | D:3      | Reached skill level 7 in Hexes
  4314 | D:4      | Reached XP level 6. HP: 28/28 MP: 11/11
  4568 | D:4      | Found a shimmering altar of Xom.
  4570 | D:4      | Found an ancient bone altar of Kikubaaqudgha.
  4570 | D:4      | Found a radiant altar of Vehumet.
  4572 | D:4      | Found a blossoming altar of Fedhas.
  4572 | D:4      | Found a shimmering altar of Xom.
  4572 | D:4      | Found an opulent altar of Gozag.
  5056 | D:4      | Found a runed door.
  5060 | D:4      | Noticed Crazy Yiuf
  5067 | D:4      | Killed Crazy Yiuf
  5225 | D:4      | Noticed Blork the orc
  5244 | D:4      | Killed Blork the orc
  5321 | D:5      | Entered Level 5 of the Dungeon
  5364 | D:5      | Reached XP level 7. HP: 28/32 MP: 6/12
  5404 | D:5      | Reached skill level 1 in Evocations
  5506 | D:5      | Found a shadowy altar of Dithmenos.
  5819 | D:5      | Noticed Dowan
  5932 | D:5      | Noticed McKennaii's ghost (novice OpTm)
  5951 | D:5      | Killed McKennaii's ghost
  5951 | D:5      | Reached skill level 5 in Spellcasting
  6124 | D:5      | Reached XP level 8. HP: 36/36 MP: 13/18
  6146 | D:5      | Noticed Duvessa
  6445 | D:5      | Reached skill level 8 in Hexes
  6655 | D:5      | Found a burning altar of Makhleb.
  6656 | D:5      | Found a shimmering altar of Xom.
  6744 | D:5      | Reached skill level 5 in Dodging
  6829 | D:5      | Killed Duvessa
  6840 | D:5      | Killed Dowan
  7410 | D:6      | Reached skill level 9 in Hexes
  7557 | D:6      | Found a radiant altar of Vehumet.
  7754 | D:6      | Reached XP level 9. HP: 39/39 MP: 19/19
  7761 | D:6      | Found a staircase to the Ecumenical Temple.
  7771 | Temple   | Entered the Ecumenical Temple
  7812 | Temple   | Became a worshipper of Warmaster Okawaru
  8121 | D:7      | Reached skill level 10 in Hexes
  8129 | D:7      | Reached skill level 1 in Invocations
  8708 | D:7      | Found a blossoming altar of Fedhas.
  8711 | D:7      | Found a hazy altar of Hepliaklqana.
  8768 | D:7      | Found an ancient bone altar of Kikubaaqudgha.
  8871 | D:8      | Found a bloodstained altar of Trog.
  8873 | D:8      | Reached * piety under Okawaru
  8873 | D:8      | Reached skill level 10 in Stealth
  9154 | D:8      | Noticed McKennaii's ghost (novice OpTm)
  9196 | D:8      | Killed McKennaii's ghost
  9276 | D:8      | Reached ** piety under Okawaru
  9326 | D:8      | Found a staircase to the Lair.
  9695 | D:8      | Reached skill level 11 in Hexes
  9771 | D:8      | Reached XP level 10. HP: 44/44 MP: 16/20
  9791 | D:8      | Reached skill level 5 in Short Blades
 10331 | D:9      | Found a sparkling altar of Nemelex Xobeh.
 10408 | D:9      | Reached skill level 1 in Bows
 10442 | D:9      | Reached *** piety under Okawaru
 10766 | D:9      | Found a roughly hewn altar of Beogh.
 11009 | D:9      | Found a staircase to the Orcish Mines.
 11321 | D:9      | Found a glowing golden altar of the Shining One.
 11481 | D:9      | Noticed a two-headed ogre
 11495 | D:9      | Killed a two-headed ogre
 11495 | D:9      | Reached skill level 12 in Hexes
 11773 | D:10     | Entered Level 10 of the Dungeon
 11918 | D:10     | Reached **** piety under Okawaru
 12030 | D:10     | Got an ancient morningstar
 12186 | D:10     | Reached skill level 13 in Hexes
 12224 | D:10     | Noticed a two-headed hydra
 12540 | D:10     | Killed a two-headed hydra
 12540 | D:10     | Reached XP level 11. HP: 44/47 MP: 15/23
 12836 | D:11     | Found Udoyfirph's Jewellery Shoppe.
 12870 | D:11     | Noticed a red ugly thing
 13265 | D:11     | Reached ***** piety under Okawaru
 13265 | D:11     | Reached skill level 10 in Dodging
 13510 | D:11     | Noticed a two-headed ogre
 13541 | D:11     | Killed a two-headed ogre
 13551 | D:11     | Killed a red ugly thing
 13551 | D:11     | Received a gift from Okawaru
 13552 | D:11     | Got a crude shortbow {god gift}
 13553 | D:11     | Identified the +3 shortbow of the Messenger {flame, rN++} (Okawaru gifted it to you on level 11 of the Dungeon)
 13554 | D:11     | Identified the +7 morningstar of Emacy {crush, rPois Str+2} (You found it on level 10 of the Dungeon)
 13843 | D:11     | Noticed Nergalle
 13873 | D:11     | Killed Nergalle
 13873 | D:11     | Reached skill level 14 in Hexes
 14237 | D:11     | Noticed an unseen horror
 14246 | D:11     | Killed an unseen horror
 14414 | D:11     | Reached skill level 15 in Hexes
 14711 | Lair:1   | Entered Level 1 of the Lair of Beasts
 14740 | Lair:1   | Received a gift from Okawaru
 14752 | Lair:1   | Reached skill level 5 in Evocations
 15116 | Lair:1   | Noticed Joseph
 15125 | Lair:1   | Killed Joseph
 15288 | Lair:1   | Reached XP level 12. HP: 41/51 MP: 16/24
 15772 | Lair:2   | Got a brightly glowing shortbow
 15773 | Lair:2   | Identified the +3 shortbow "Foplek Cace" {velocity, MR+ Int+4 Stlth-} (You found it on level 2 of the Lair of Beasts)
 16016 | Lair:2   | Found a staircase to the Shoals.
 16726 | Lair:3   | Found a staircase to the Snake Pit.
 17350 | Lair:4   | Noticed a four-headed hydra
 17360 | Lair:4   | Killed a four-headed hydra
 17360 | Lair:4   | Reached skill level 15 in Stealth
 17515 | Lair:4   | Got a faintly humming robe
 17526 | Lair:4   | Identified the cursed +1 robe of the Neverending Orbs {rC+ rCorr} (You found it on level 4 of the Lair of Beasts)
 17562 | Lair:4   | Received a gift from Okawaru
 18530 | Lair:5   | Reached skill level 16 in Hexes
 18858 | Lair:5   | Learned a level 6 spell: Darkness
 18998 | Lair:5   | Noticed a death yak
 19000 | Lair:5   | Noticed a death yak
 19001 | Lair:5   | Noticed a death yak
 19001 | Lair:5   | Noticed a death yak
 19001 | Lair:5   | Noticed a death yak
 19305 | Lair:5   | Found a viscous altar of Jiyva.
 19309 | Lair:5   | Found a staircase to the Slime Pits.
 19515 | Lair:5   | Noticed a death yak
 19902 | Lair:5   | Killed a death yak
 20008 | Lair:5   | Killed a death yak
 20162 | Lair:5   | Killed a death yak
 20240 | Lair:5   | Killed a death yak
 20240 | Lair:5   | Reached XP level 13. HP: 55/55 MP: 10/25
 20886 | Lair:6   | Entered Level 6 of the Lair of Beasts
 20991 | Lair:6   | Noticed an acid blob
 20991 | Lair:6   | Noticed a death ooze
 20991 | Lair:6   | Noticed a death ooze
 20991 | Lair:6   | Noticed an azure jelly
 20991 | Lair:6   | Noticed a death ooze
 21127 | Shoals:1 | Entered Level 1 of the Shoals
 21294 | Shoals:1 | Noticed Louise
 21303 | Shoals:1 | Killed Louise
 21303 | Shoals:1 | Reached skill level 17 in Hexes
 21343 | Shoals:1 | Reached ****** piety under Okawaru
 21363 | Shoals:1 | Received a gift from Okawaru
 21364 | Shoals:1 | Got a thick robe {god gift}
 21545 | Shoals:1 | Mangled by a water elemental

Skill      XL: |  1  2  3  4  5  6  7  8  9 10 11 12 13 |
---------------+----------------------------------------+-----
Short Blades   | 2 3 4 6 8 |  8.1
Stealth        | 5 8 12 15 | 15.3
Hexes          | 4 5 6 7 9 11 13 15 16 17 | 17.5
Spellcasting   | 3 6 7 |  7.3
Evocations     | 2 7 8 9 |  9.0
Dodging        | 7 8 10 | 10.0
Invocations    | 2 3 |  3.1
Bows           | 4 |  4.1

Action                   |  1- 3 |  4- 6 |  7- 9 | 10-12 | 13-15 || total
-------------------------+-------+-------+-------+-------+-------++-------
Melee: Dagger            |    59 |   267 |   260 |   615 |    91 ||  1292
       Punch             |       |       |       |       |     1 ||     1
 Fire: Shortbow          |       |       |       |    13 |     9 ||    22
 Cast: Corona            |     2 |       |       |       |       ||     2
       Ensorcelled Hiber |    27 |     2 |       |       |       ||    29
       Confuse           |       |    34 |    67 |   246 |    40 ||   387
       Tukima's Dance    |       |     4 |     2 |    10 |       ||    16
       Darkness          |       |       |       |     2 |       ||     2
Invok: Heroism           |       |       |       |     2 |     2 ||     4
 Abil: Evoke Invisibilit |       |       |       |     4 |     2 ||     6
Evoke: Wand              |       |       |       |     1 |     1 ||     2
  Use: Scroll            |     3 |     9 |       |    17 |       ||    29
       Potion            |       |       |       |       |     3 ||     3
 Stab: Sleeping          |    19 |    15 |    25 |    27 |     5 ||    91
       Distracted        |     1 |       |       |     1 |       ||     2
       Confused          |       |    22 |    40 |   134 |    12 ||   208
       Paralysed         |       |       |     1 |       |       ||     1
       Invisible         |       |       |       |     3 |     3 ||     6
  Eat: Bread ration      |     1 |       |     1 |     4 |       ||     6
       Fruit             |       |     3 |       |       |       ||     3
       Royal jelly       |       |       |     1 |       |       ||     1
Armor: Robe              |     2 |     8 |     7 |    19 |     2 ||    38
Dodge: Dodged            |    25 |   120 |    78 |   184 |    36 ||   443
